 Dungeon Crawl Stone Soup version 0.29.1-1-gd02db6906a (webtiles) character file.

Game seed: 10291151645776907314

1149 jimonade the Magician (level 8, -12/50 HPs)
             Began as a Djinni Fire Elementalist on Sept 21, 2022.
             Mangled by an iguana (13 damage)
             ... on level 6 of the Dungeon.
             The game lasted 00:10:13 (6093 turns).

jimonade the Magician (Djinni Fire Elementalist)    Turns: 6093, Time: 00:10:13

Health: -12/50     AC:  3    Str:  9    XL:     8   Next: 65%
Gold:   180        EV: 11    Int: 17    God:
                   SH:  5    Dex: 14

rFire   + + +      SeeInvis .   b - staff of cold
rCold   + . .      Faith    .   (no shield)
rNeg    . . .      Spirit   .   w - +0 leather armour {rC+}
rPois   ∞          Reflect  +   (no helmet)
rElec   .          Harm     .   (no cloak)
rCorr   .          Rampage  .   (no gloves)
Will    .....                   (boots unavailable)
Stlth   ++........              z - amulet of reflection
HPRegen 0.16/turn               d - ring of protection from fire
MPRegen 0.00/turn               (no ring)

@: flying
A: sickness immunity, fire resistance 2, cold vulnerability 1, float, innate
caster, HP casting, extra vitality 1
a: no special abilities


You were on level 6 of the Dungeon.
You visited 1 branch of the dungeon, and saw 6 of its levels.

You collected 306 gold pieces.
You spent 126 gold pieces at shops.

Inventory:

Hand Weapons
 a - a +1 short sword of draining
 g - a +0 sling
Armour
 k - a +0 leather armour
 o - a +0 ring mail
 t - a +0 robe
 w - a +0 leather armour of cold resistance (worn)
Magical Staves
 b - a staff of cold (weapon)
Jewellery
 d - a ring of protection from fire (left hand)
 p - an amulet of faith
 z - an amulet of reflection (around neck)
Scrolls
 h - 2 scrolls of fear {unknown}
 i - a scroll of blinking {unknown}
 j - 2 scrolls of magic mapping
 l - a scroll of poison {unknown}
 m - 3 scrolls of teleportation
 n - a scroll of enchant weapon {unknown}
 r - a scroll of silence {unknown}
 u - a scroll of enchant armour {unknown}
 x - a scroll of noise {unknown}
 y - a scroll of brand weapon {unknown}
 A - 8 scrolls of identify {unknown}
Potions
 c - 2 potions of mutation {unknown}
 e - 2 potions of flight {unknown}
 f - a potion of heal wounds {unknown}
 q - 2 potions of magic {unknown}
 s - 5 potions of curing {unknown}
 v - a potion of ambrosia {unknown}
 B - a potion of lignification {unknown}


   Skills:
 - Level 2.1 Dodging
 - Level 1.5 Stealth
 + Level 7.9 Spellcasting


You had 4 spell levels left.
You knew the following spells:

 Your Spells              Type           Power      Damage    Failure   Level
a - Foxfire               Conj/Fire      100%       2x1d9     1%          1
b - Scorch                Fire           66%        2d8       1%          2
c - Conjure Flame         Conj/Fire      33%        6-21      1%          3
d - Inner Flame           Hex/Fire       33%        N/A       1%          3
e - Flame Wave            Conj/Fire      33%        2d10      6%          4
f - Magic Dart            Conj           100%       1d8       1%          1
g - Blink                 Tloc           66%        N/A       1%          2
h - Searing Ray           Conj           66%        2d6       1%          2
Your spell library was empty.

Dungeon Overview and Level Annotations

Branches:
Dungeon (6/15)
 Temple: D:4-7

Altars:

Shops:
D:4 ?   D:5 (*


Innate Abilities, Weirdness & Mutations

You are immune to sickness and miasma.
You are immune to poison.
Your flesh is very heat resistant. (rF++)
You are vulnerable to cold. (rC-)
You float through the air rather than walking.
You learn spells naturally, not from books.
Your magical power is your life essence.
You have superior vitality. (+4 MHP)


Message History

The phantom hits you but does no damage.
The iguana bites you!
Casting: Scorch (safe; 1% risk of failure)
Confirm with . or Enter, or press ? or * to list all spells.
Flames lash the iguana.
The iguana is moderately wounded.
The iguana's fire resistance burns away.
The iguana bites you! The phantom hits you.
Casting: Scorch (safe; 1% risk of failure)
Confirm with . or Enter, or press ? or * to list all spells.
Flames lash the phantom.
The phantom is burned terribly!
The phantom is heavily damaged.
The phantom barely misses you. The iguana barely misses you.
Casting: Scorch (safe; 1% risk of failure)
Confirm with . or Enter, or press ? or * to list all spells.
Flames lash the phantom.
The phantom is burned terribly!
The phantom is severely damaged.
* * * LOW HITPOINT WARNING * * *
The phantom hits you.
* * * LOW HITPOINT WARNING * * *
The phantom blinks!
You blink.
Casting: Scorch (safe; 1% risk of failure)
Confirm with . or Enter, or press ? or * to list all spells.
Flames lash the iguana.
The iguana is burned terribly!
The iguana is severely wounded.
* * * LOW HITPOINT WARNING * * *
The phantom hits you.
* * * LOW HITPOINT WARNING * * *
The iguana bites you.
* * * LOW HITPOINT WARNING * * *
Casting: Scorch (safe; 1% risk of failure)
Confirm with . or Enter, or press ? or * to list all spells.
You don't have enough health to cast this spell.
Unknown command.
Unknown command.
The iguana closely misses you. The iguana closely misses you.
There is a stone staircase leading up here.
The iguana bites you!
You die...

## #.# ##..#
#....####
.#.....#.##
.......lW..##
........@..>#
............#
...........##
......)......
............##
.............
...##...#...#
(.. #######..


You could see a phantom (combustible) and an iguana (combustible).

Vanquished Creatures
  Duvessa (D:4)
  A sky beast (D:5)
  An ogre (D:5)
  A centaur (D:6)
  2 phantoms
  A bullfrog (D:6)
  A scorpion (D:4)
  Dowan (D:4)
  A gnoll bouda (D:5)
  3 hounds
  A jelly (D:4)
  Jessica (D:2)
  Terence (D:3)
  An iguana (D:6)
  7 gnolls
  9 adders
  An ufetubus (D:4)
  4 worms
  A dart slug (D:2)
  An orc (D:3)
  8 bats
  7 endoplasms
  6 giant cockroaches
  9 goblins
  8 hobgoblins
  5 quokkas
  12 ball pythons
  2 frilled lizards
  5 kobolds
  4 rats
106 creatures vanquished.

Vanquished Creatures (others)
  137 foxfires
137 creatures vanquished.

Grand Total: 243 creatures vanquished

Notes
Turn   | Place    | Note
-------+----------+-------------------------------------------
     0 | D:1      | jimonade the Djinni Fire Elementalist began the quest for
                  | the Orb.
     0 | D:1      | jimonade set off with the following spells memorised:
                  | Foxfire, Scorch, Conjure Flame, Inner Flame, Flame Wave.
     0 | D:1      | Reached XP level 1. HP: 15/15 MP: 0/0
   285 | D:1      | Reached XP level 2. HP: 19/21 MP: 0/0
   455 | D:1      | Reached skill level 3 in Spellcasting
   975 | D:1      | Reached XP level 3. HP: 18/25 MP: 0/0
   975 | D:1      | Learned a level 1 spell: Magic Dart
  1615 | D:2      | Noticed Jessica
  1618 | D:2      | Killed Jessica
  1619 | D:2      | Reached XP level 4. HP: 25/31 MP: 0/0
  1877 | D:2      | Reached skill level 4 in Spellcasting
  2058 | D:2      | Reached XP level 5. HP: 24/35 MP: 0/0
  2058 | D:2      | Learned a level 2 spell: Blink
  2607 | D:3      | Noticed Terence
  2616 | D:3      | Killed Terence
  3437 | D:3      | Found a faded altar of an unknown god.
  3440 | D:3      | Reached XP level 6. HP: 37/40 MP: 0/0
  3614 | D:4      | Found Jegg's Magic Scroll Shop.
  3620 | D:4      | Bought a scroll of magic mapping for 90 gold pieces
  3620 | D:4      | Bought a scroll of teleportation for 36 gold pieces
  3640 | D:4      | Reached skill level 5 in Spellcasting
  4232 | D:4      | Noticed Duvessa
  4235 | D:4      | Noticed Dowan
  4240 | D:4      | Killed Duvessa
  4241 | D:4      | Reached XP level 7. HP: 28/45 MP: 0/0
  4241 | D:4      | Learned a level 2 spell: Searing Ray
  4242 | D:4      | Killed Dowan
  4243 | D:4      | Reached skill level 6 in Spellcasting
  4610 | D:5      | Entered Level 5 of the Dungeon
  5006 | D:5      | Reached XP level 8. HP: 46/50 MP: 0/0
  5063 | D:5      | Found Ettie's Weapon Shop.
  5274 | D:5      | Found Coclag's Gadget Gallery.
  5535 | D:5      | Reached skill level 7 in Spellcasting
  6090 | D:6      | HP: 1/50 [iguana (6)]
  6093 | D:6      | Mangled by an iguana

Illustrated notes

Levels and vault maps discovered:
D:1:      lemuel_arrival_hallway, layout_basic, hex_large
D:2:      layout_basic, minmay_pentomino_q4, uniq_jessica
D:3:      layout_loops_cross, chequers_ecumenical_altar_simple_redux,
          minmay_splitting_lines, hangedman_feature_mirror, minmay_misc_feat_x,
          item_on_display_a, uniq_terence
D:4:      layout_rooms, serial_shops, nicolae_stop_n_shop_1,
          chequers_serial_rivers_marsh, nicolae_elevator_lobby_plus,
          uniq_duvessa
D:5:      layout_loops_corners, serial_shops,
          nicolae_shop_temple_entry_statues_fountains, nicolae_shop_gadgets
D:6:      layout_cave_pools

Skill      XL: |  1  2  3  4  5  6  7  8 |
---------------+-------------------------+-----
Spellcasting   | 3 4 5 6 7 |  7.9
Dodging        | |  2.1
Stealth        | |  1.5

Action                   |  1- 3 |  4- 6 |  7- 9 || total
-------------------------+-------+-------+-------++-------
 Cast: Foxfire           |    20 |    44 |    14 ||    78
       Scorch            |    20 |    43 |    20 ||    83
       Inner Flame       |       |     9 |    11 ||    20
       Conjure Flame     |       |     1 |     1 ||     2
       Searing Ray       |       |       |     1 ||     1
Armor: Robe              |     2 |     1 |       ||     3
       Leather armour    |       |       |     1 ||     1
Dodge: Dodged            |     7 |     1 |     9 ||    17
